[Event "Teplice Open 2019"]
[Site "Teplice"]
[Date "2019.06.22"]
[Round "8.31"]
[White "Haldorsen, Benjamin"]
[Black "Balinski, Damian"]
[Result "1-0"]
[ECO "B09"]
[WhiteElo "2454"]
[BlackElo "2170"]
[Annotator "ChessBase"]
[PlyCount "75"]
[EventDate "2019.06.15"]
[EventType "swiss"]
[EventCountry "CZE"]
[SourceTitle "playchess.com"]
[Source "ChessBase"]
[SourceQuality "1"]
[TimeControl "40/5400+30:1800+30"]

1. e4 d6 2. d4 Nf6 3. Nc3 g6 4. f4 Bg7 5. a3 O-O 6. Nf3 Na6 7. e5 dxe5 8. fxe5 Nd5 9. Bc4 Nb6 10. Ba2 c5 11. d5 Bg4 12. Bf4 Nd7 13. Qe2 Qb8 14. O-O-O Bxf3 15. gxf3 Nxe5 16. Bg3 f6 17. d6+ Kh8 18. f4 Nc6 19. f5 exd6 20. Bxd6 Qc8 21. Bxf8 Qxf8 22. fxg6 hxg6 23. Rhg1 Ne5 24. Qe4 Nb8 25. Nd5 Nbc6 26. Kb1 f5 27. Qh4+ Bh6 28. Nf4 Kh7 29. Ne6 Qe7 30. Qxe7+ Nxe7 31. Nxc5 b6 32. Rge1 N7c6 33. Nd7 Nf3 34. Re6 Rc8 35. c3 Nxh2 36. Bd5 Nd8 37. Re7+ Kh8 38. Nf6 1-0

[Event "Teplice Open 2019"]
[Site "Teplice"]
[Date "2019.06.22"]
[Round "8.32"]
[White "Kett, Tim"]
[Black "Kirk, Ezra"]
[Result "0-1"]
[ECO "D00"]
[WhiteElo "2197"]
[BlackElo "2428"]
[Annotator "ChessBase"]
[PlyCount "122"]
[EventDate "2019.06.15"]
[EventType "swiss"]
[EventCountry "CZE"]
[SourceTitle "playchess.com"]
[Source "ChessBase"]
[SourceQuality "1"]
[TimeControl "40/5400+30:1800+30"]

1. d4 Nf6 2. Nc3 d5 3. Bf4 c6 4. Qd2 Nbd7 5. f3 h6 6. e4 e6 7. Bd3 Qa5 8. e5 Ng8 9. Nge2 b5 10. O-O Rb8 11. a3 Qc7 12. Be3 Ne7 13. Nd1 Nb6 14. b3 Nc4 15. Qe1 Nxe3 16. Nxe3 c5 17. c3 c4 18. bxc4 bxc4 19. Bc2 h5 20. g3 Bd7 21. h3 g6 22. g4 Rb2 23. Rb1 Rxb1 24. Qxb1 Qb6 25. Qc1 Nc6 26. f4 Kd8 27. Kg2 Kc8 28. a4 Qd8 29. Rh1 Be7 30. Ng1 hxg4 31. hxg4 Rxh1 32. Kxh1 Na5 33. Nf3 Qb6 34. f5 Nb3 35. Qe1 gxf5 36. gxf5 Qa5 37. f6 Bd8 38. Ng5 Be8 39. Bg6 fxg6 40. Nxe6 Qb6 41. Nf4 g5 42. Nfxd5 Qc6 43. Kg1 Bf7 44. Nb4 Qe4 45. Ng2 Qg4 46. Nc2 Bb6 47. Nce3 Qe4 48. Qg3 Nxd4 49. cxd4 c3 50. Qxg5 Bxd4 51. Qh6 Kd7 52. e6+ Bxe6 53. Qg7+ Kc6 54. Qg5 c2 55. Qb5+ Kc7 56. Qa5+ Kd7 57. Qd2 Bd5 58. Kf1 Bc4+ 59. Kf2 Qd3 60. Qe1 Qf1+ 61. Qxf1 Bxf1 0-1

[Event "Teplice Open 2019"]
[Site "Teplice"]
[Date "2019.06.22"]
[Round "8.33"]
[White "Kucera, Petr"]
[Black "Handler, Lukas"]
[Result "0-1"]
[ECO "D02"]
[WhiteElo "2248"]
[BlackElo "2418"]
[Annotator "NA"]
[PlyCount "84"]
[EventDate "2019.06.15"]
[EventType "swiss"]
[EventCountry "CZE"]
[SourceTitle "playchess.com"]
[Source "ChessBase"]
[SourceQuality "1"]
[TimeControl "40/5400+30:1800+30"]

1. d4 d5 2. Nf3 Nf6 3. Bf4 c5 4. c3 Nc6 5. e3 Qb6 6. Qb3 c4 7. Qc2 Bf5 8. Qc1 e6 9. h3 h6 10. Nbd2 Rc8 11. Be2 Be7 12. O-O O-O 13. Re1 Qd8 14. Bd1 b5 15. Bc2 Bxc2 16. Qxc2 b4 17. e4 dxe4 18. Nxe4 Nd5 19. Bh2 Qa5 20. Nfd2 Qa6 21. Nc5 Qb5 22. a4 bxa3 23. Rxa3 Rfd8 24. b3 Bxc5 25. bxc4 Nxd4 26. Qa2 Qb6 27. cxd4 Bxa3 28. cxd5 Qb2 29. Qxb2 Bxb2 30. dxe6 fxe6 31. Nf3 Bxd4 32. Bg3 Kf7 33. Re4 Bf6 34. Kh2 a5 35. Ne5+ Bxe5 36. Bxe5 Rc5 37. Rf4+ Kg8 38. Bb2 Rd2 39. Ba3 Rf5 40. Rg4 Rfxf2 41. Bc1 Rc2 42. Bxh6 Rxg2+ 0-1

[Event "Teplice Open 2019"]
[Site "Teplice"]
[Date "2019.06.22"]
[Round "8.34"]
[White "Mitscherling, Andreas"]
[Black "Halvax, Georg"]
[Result "0-1"]
[ECO "D00"]
[WhiteElo "2175"]
[BlackElo "2408"]
[Annotator "NA"]
[PlyCount "78"]
[EventDate "2019.06.15"]
[EventType "swiss"]
[EventCountry "CZE"]
[SourceTitle "playchess.com"]
[Source "ChessBase"]
[SourceQuality "1"]
[TimeControl "40/5400+30:1800+30"]

1. d4 d5 2. Bf4 Nf6 3. e3 c5 4. dxc5 Nc6 5. Nf3 e6 6. Be2 Bxc5 7. a3 O-O 8. c4 Re8 9. Nc3 h6 10. Ne5 Bd6 11. Nxc6 bxc6 12. Bxd6 Qxd6 13. O-O a5 14. Qc2 Bd7 15. Rab1 Reb8 16. e4 d4 17. Na2 c5 18. Nc1 Bc6 19. f3 Nd7 20. f4 e5 21. f5 Nf6 22. Bd3 a4 23. h3 Rb6 24. Re1 Rab8 25. g4 Qe7 26. Qg2 Ne8 27. Re2 Qg5 28. Qg3 Nf6 29. Qxe5 Rxb2 30. Qxb8+ Rxb8 31. Rxb8+ Kh7 32. Rb1 Qf4 33. e5 Qg3+ 34. Kf1 Qxh3+ 35. Ke1 Ne4 36. Kd1 Nc3+ 37. Kc2 Nxe2 38. Nxe2 Qe3 39. Rb6 Be4 0-1

[Event "Teplice Open 2019"]
[Site "Teplice"]
[Date "2019.06.22"]
[Round "8.35"]
[White "Kaasen, Tor Fredrik"]
[Black "Sikora, Jan"]
[Result "1-0"]
[ECO "A36"]
[WhiteElo "2395"]
[BlackElo "2170"]
[Annotator "NA"]
[PlyCount "75"]
[EventDate "2019.06.15"]
[EventType "swiss"]
[EventCountry "CZE"]
[SourceTitle "playchess.com"]
[Source "ChessBase"]
[SourceQuality "1"]
[TimeControl "40/5400+30:1800+30"]

1. c4 c5 2. g3 g6 3. Bg2 Bg7 4. Nc3 Nc6 5. b3 e6 6. Ba3 d6 7. e3 Nge7 8. Nge2 O-O 9. O-O e5 10. d3 Be6 11. Bb2 Qc8 12. Ne4 Rd8 13. f4 f5 14. Ng5 Bd7 15. Rb1 h6 16. Nf3 Kh7 17. a3 Qc7 18. Qc2 Rg8 19. Ba1 a5 20. Nc3 Rae8 21. Nb5 Qb8 22. Rbd1 Nd8 23. Rfe1 Ne6 24. Bc3 b6 25. fxe5 dxe5 26. Qb2 Nc6 27. d4 exd4 28. exd4 Nexd4 29. Nfxd4 Nxd4 30. Nxd4 cxd4 31. Bxd4 Qd6 32. Bd5 Rxe1+ 33. Rxe1 Kh8 34. Re5 Qf8 35. Qd2 Bxe5 36. Bxe5+ Kh7 37. Bxg8+ Kxg8 38. Qxd7 1-0

[Event "Teplice Open 2019"]
[Site "Teplice"]
[Date "2019.06.22"]
[Round "8.36"]
[White "Di Nicolantonio, Lucas"]
[Black "Bulockin, Martin"]
[Result "1-0"]
[ECO "A03"]
[WhiteElo "2379"]
[BlackElo "2165"]
[Annotator "NA"]
[PlyCount "103"]
[EventDate "2019.06.15"]
[EventType "swiss"]
[EventCountry "CZE"]
[SourceTitle "playchess.com"]
[Source "ChessBase"]
[SourceQuality "1"]
[TimeControl "40/5400+30:1800+30"]

1. f4 d5 2. Nf3 g6 3. g3 c6 4. Bg2 Bg7 5. d3 Qb6 6. Nc3 d4 7. Ne4 Nd7 8. O-O Nh6 9. e3 dxe3 10. Qe2 O-O 11. c3 c5 12. h3 Nf5 13. g4 Nd6 14. Bxe3 Qc7 15. f5 Nxe4 16. dxe4 b6 17. e5 Bb7 18. e6 fxe6 19. fxg6 hxg6 20. Ng5 Qg3 21. Bf4 Rxf4 22. Rxf4 Bxg2 23. Qxg2 Qxf4 24. Qxa8+ Nf8 25. Ne4 Qf3 26. Re1 Qxh3 27. Nf2 Qg3+ 28. Qg2 Qxg2+ 29. Kxg2 e5 30. Rd1 Kf7 31. Ne4 Ke8 32. Kf3 Ne6 33. g5 Bf8 34. Rd5 Bg7 35. Rd2 Bf8 36. a4 a5 37. Rd5 Bg7 38. Rd1 Bh8 39. Kg4 Bg7 40. Kf3 Bh8 41. Rg1 Kd7 42. Nd2 e4+ 43. Kxe4 Kc6 44. Nf3 c4 45. Nh4 Nc5+ 46. Ke3 Nxa4 47. Nxg6 Bg7 48. Nxe7+ Kc5 49. Nf5 Bxc3 50. bxc3 Nxc3 51. g6 Nd5+ 52. Kd2 1-0

[Event "Teplice Open 2019"]
[Site "Teplice"]
[Date "2019.06.22"]
[Round "8.37"]
[White "Ivanov, Igor"]
[Black "Eden, James"]
[Result "1/2-1/2"]
[ECO "A11"]
[WhiteElo "2157"]
[BlackElo "2346"]
[Annotator "ChessBase"]
[PlyCount "122"]
[EventDate "2019.06.15"]
[EventType "swiss"]
[EventCountry "CZE"]
[SourceTitle "playchess.com"]
[Source "ChessBase"]
[SourceQuality "1"]
[TimeControl "40/5400+30:1800+30"]

1. c4 c6 2. b3 d5 3. Bb2 Bg4 4. h3 Bh5 5. d3 e6 6. Nd2 Nf6 7. Ngf3 Bxf3 8. Nxf3 dxc4 9. bxc4 Bb4+ 10. Nd2 Qa5 11. Qc2 Ba3 12. Bc3 Bb4 13. Bb2 Nbd7 14. a3 Bd6 15. g3 c5 16. Bg2 Rb8 17. Bc3 Qc7 18. Qa4 Be5 19. Bxe5 Qxe5 20. Rb1 O-O 21. Kf1 h5 22. Bxb7 h4 23. g4 Qf4 24. Qc2 Qc7 25. Bf3 Rxb1+ 26. Nxb1 Ne5 27. Nd2 Nh7 28. Kg2 f5 29. gxf5 Rxf5 30. Be4 Rg5+ 31. Kf1 Nf6 32. Qa4 Qb6 33. f4 Nxe4 34. dxe4 Qb2 35. Qd1 Rg3 36. fxe5 Rxa3 37. Kg2 Rg3+ 38. Kf2 Qd4+ 39. Kf1 Ra3 40. Kg2 Rg3+ 41. Kf1 Ra3 42. Kg2 Rg3+ 43. Kf1 a5 44. Qe1 a4 45. Nf3 Qe3 46. Qa5 Kh7 47. Qd8 Rxf3+ 48. exf3 Qxf3+ 49. Kg1 Qg3+ 50. Kf1 a3 51. Qd2 Qf3+ 52. Kg1 Qg3+ 53. Qg2 a2 54. Qxg3 a1=Q+ 55. Kg2 Qxh1+ 56. Kxh1 hxg3 57. Kg2 Kg6 58. Kxg3 Kh5 59. h4 g5 60. hxg5 Kxg5 61. Kf3 Kh5 1/2-1/2

[Event "Teplice Open 2019"]
[Site "Teplice"]
[Date "2019.06.23"]
[Round "9.2"]
[White "Santos Latasa, Jaime"]
[Black "Vorobiov, Evgeny E."]
[Result "0-1"]
[ECO "B30"]
[WhiteElo "2588"]
[BlackElo "2556"]
[Annotator "RC"]
[PlyCount "147"]
[EventDate "2019.06.15"]
[EventType "swiss"]
[EventCountry "CZE"]
[SourceTitle "playchess.com"]
[Source "ChessBase"]
[SourceQuality "1"]
[TimeControl "40/5400+30:1800+30"]

1. e4 c5 2. Nf3 Nc6 3. Bb5 Nf6 4. Nc3 Qc7 5. O-O Nd4 6. Re1 a6 7. Bf1 Ng4 8. g3 Nxf3+ 9. Qxf3 Ne5 10. Qe2 e6 11. d3 Be7 12. f4 Nc6 13. Be3 d6 14. Bg2 O-O 15. Qf2 Bd7 16. a3 b5 17. Ne2 a5 18. c3 b4 19. d4 bxc3 20. bxc3 Rab8 21. Rab1 Rxb1 22. Rxb1 Rb8 23. Qe1 a4 24. Rxb8+ Qxb8 25. dxc5 Na5 26. Qd1 Nc4 27. Bc1 Qa7 28. Qd4 d5 29. Kh1 Qxc5 30. exd5 Qxd4 31. Nxd4 Bxa3 32. dxe6 fxe6 33. Bxa3 Nxa3 34. Bf1 Nb1 35. Bc4 Kf8 36. Ne2 Bc6+ 37. Kg1 Bd5 38. Bd3 Nd2 39. Bxh7 a3 40. Nc1 a2 41. Nxa2 Bxa2 42. Kf2 Bc4 43. Bc2 Ke7 44. h4 Bd5 45. Ke3 Nc4+ 46. Kf2 Nd6 47. Ke3 Nb5 48. Kd2 Bf3 49. Bd3 Nd6 50. Ke3 Bg4 51. Bc2 Nf5+ 52. Kf2 Kd6 53. Bb3 Ne7 54. Ke3 Nd5+ 55. Kd4 Nf6 56. Ke3 Nh5 57. Kf2 Kc5 58. Ba2 Kc6 59. Bc4 Kb6 60. Bd3 Kc5 61. Bf1 Nf6 62. Ke3 Nd5+ 63. Kd2 Ne7 64. Ke3 Nf5+ 65. Kf2 Kd5 66. Bd3 Nd6 67. Ke3 Nc4+ 68. Kf2 Nb2 69. Be2 Nd1+ 70. Ke1 Bxe2 71. Kxe2 Nxc3+ 72. Kf3 Ne4 73. h5 Nf6 74. g4 {[%emt 0:00:06] Ke5} 0-1

[Event "Teplice Open 2019"]
[Site "Teplice"]
[Date "2019.06.23"]
[Round "9.5"]
[White "Plat, Vojtech"]
[Black "Tari, Aryan"]
[Result "1/2-1/2"]
[ECO "C84"]
[WhiteElo "2547"]
[BlackElo "2623"]
[Annotator "RC"]
[PlyCount "119"]
[EventDate "2019.06.15"]
[EventType "swiss"]
[EventCountry "CZE"]
[SourceTitle "playchess.com"]
[Source "ChessBase"]
[SourceQuality "1"]
[TimeControl "40/5400+30:1800+30"]

1. e4 e5 2. Nf3 Nc6 3. Bb5 a6 4. Ba4 Nf6 5. d4 exd4 6. O-O Be7 7. Re1 b5 8. e5 Nxe5 9. Rxe5 d6 10. Re1 bxa4 11. Qxd4 O-O 12. Qxa4 Bb7 13. Nd4 Re8 14. Bg5 Qc8 15. Nb3 h6 16. Bh4 Rb8 17. N1d2 c5 18. Bxf6 Bxf6 19. Rxe8+ Qxe8 20. Qxe8+ Rxe8 21. Nc4 Bd5 22. Nxd6 Rd8 23. Nf5 Be6 24. Ne3 Bxb2 25. Rd1 Rxd1+ 26. Nxd1 Ba3 27. Kf1 Kf8 28. Ke2 Ke7 29. Ne3 Bb4 30. Kd3 Be1 31. f4 Kd6 32. f5 Bd7 33. Nc4+ Ke7 34. g4 Bf2 35. Ne5 Be8 36. c4 f6 37. Nf3 h5 38. Ke2 hxg4 39. Kxf2 gxf3 40. Nxc5 Bf7 41. Nxa6 Bxc4 42. Nb4 Kd6 43. Kxf3 Ke5 44. a4 Kxf5 45. a5 Be6 46. Ke3 Ke5 47. a6 Bc8 48. a7 Bb7 49. h4 g5 50. Nd3+ Kf5 51. Nc5 Ba8 52. h5 g4 53. Ne4 Bc6 54. h6 Kg6 55. Kf4 Kxh6 56. Nxf6 g3 57. Ng4+ Kh5 58. Kxg3 Kg5 59. Ne5 Ba8 60. Nd7 1/2-1/2

[Event "Teplice Open 2019"]
[Site "Teplice"]
[Date "2019.06.23"]
[Round "9.8"]
[White "Ali Marandi, Cemil Can"]
[Black "Epishin, Vladimir"]
[Result "1-0"]
[ECO "D00"]
[WhiteElo "2520"]
[BlackElo "2564"]
[Annotator "ChessBase"]
[PlyCount "73"]
[EventDate "2019.06.15"]
[EventType "swiss"]
[EventCountry "CZE"]
[SourceTitle "playchess.com"]
[Source "ChessBase"]
[SourceQuality "1"]
[TimeControl "40/5400+30:1800+30"]

1. d4 d5 2. Bf4 Nd7 3. e3 e6 4. Nf3 Bd6 5. Bg3 Ne7 6. Bd3 O-O 7. Nbd2 b6 8. e4 dxe4 9. Nxe4 Nf5 10. Qe2 Bb7 11. O-O-O Re8 12. Be5 f6 13. Bxd6 Nxd6 14. h4 Nf8 15. Nc3 Qd7 16. h5 h6 17. Ne5 Qd8 18. Ng6 f5 19. Ne5 Qg5+ 20. Kb1 Rad8 21. Rhg1 Nf7 22. Nxf7 Kxf7 23. g4 Qf4 24. Rg3 Nh7 25. Bb5 c6 26. Bc4 Ng5 27. gxf5 b5 28. fxe6+ Ke7 29. Bb3 Rf8 30. Rg4 Qh2 31. Ne4 Rf5 32. Ng3 Rdf8 33. Nxf5+ Rxf5 34. d5 cxd5 35. Qxb5 Qc7 36. Qb4+ Kxe6 37. f4 1-0

[Event "Teplice Open 2019"]
[Site "Teplice"]
[Date "2019.06.23"]
[Round "9.9"]
[White "Dastan, Muhammed Batuhan"]
[Black "Siddharth, Jagadeesh"]
[Result "1-0"]
[ECO "D02"]
[WhiteElo "2561"]
[BlackElo "2416"]
[Annotator "ChessBase"]
[PlyCount "46"]
[EventDate "2019.06.15"]
[EventType "swiss"]
[EventCountry "CZE"]
[SourceTitle "playchess.com"]
[Source "ChessBase"]
[SourceQuality "1"]
[TimeControl "40/5400+30:1800+30"]

1. d4 Nf6 2. Nf3 e6 3. Bf4 c5 4. e3 d5 5. c3 Bd6 6. Bg3 O-O 7. Nbd2 b6 8. Bd3 Bb7 9. Ne5 Nc6 10. f4 Ne7 11. Qb1 c4 12. Bc2 g6 13. Bf2 b5 14. a3 a5 15. Qd1 Ne8 16. h4 f6 17. h5 fxe5 18. fxe5 Bc7 19. hxg6 hxg6 20. Qg4 Rxf2 21. Kxf2 Ng7 22. Ke2 Kf7 23. Bxg6+ Kg8 1-0

[Event "Teplice Open 2019"]
[Site "Teplice"]
[Date "2019.06.23"]
[Round "9.11"]
[White "Cawdery, Daniel"]
[Black "Babula, Vlastimil"]
[Result "0-1"]
[ECO "B42"]
[WhiteElo "2428"]
[BlackElo "2550"]
[Annotator "RC"]
[PlyCount "74"]
[EventDate "2019.06.15"]
[EventType "swiss"]
[EventCountry "CZE"]
[SourceTitle "playchess.com"]
[Source "ChessBase"]
[SourceQuality "1"]
[TimeControl "40/5400+30:1800+30"]

1. e4 c5 2. Nf3 e6 3. d4 cxd4 4. Nxd4 a6 5. Bd3 Bc5 6. Nb3 Be7 7. Qg4 g6 8. Qe2 d6 9. Nc3 Nd7 10. O-O Qc7 11. f4 Ngf6 12. Bd2 b5 13. a3 Bb7 14. Rae1 h5 15. h3 h4 16. Qf2 Nc5 17. e5 Nh5 18. Nxc5 dxc5 19. Ne4 O-O-O 20. Nd6+ Bxd6 21. exd6 Qxd6 22. Bc3 Ng3 23. Bxh8 Rxh8 24. Re5 c4 25. Qa7 Rh5 26. Rfe1 cxd3 27. cxd3 Qc6 28. Qf2 Rxe5 29. fxe5 Nf5 30. Re2 Qd5 31. Kh2 Qd4 32. Qxd4 Nxd4 33. Rf2 Nf5 34. Rc2+ Kd7 35. Kg1 Ne3 36. Rf2 Ke7 37. d4 g5 0-1

[Event "Teplice Open 2019"]
[Site "Teplice"]
[Date "2019.06.23"]
[Round "9.12"]
[White "Greenfeld, Alon"]
[Black "Pajeken, Jakob Leon"]
[Result "1-0"]
[ECO "D41"]
[WhiteElo "2513"]
[BlackElo "2359"]
[Annotator "ChessBase"]
[PlyCount "77"]
[EventDate "2019.06.15"]
[EventType "swiss"]
[EventCountry "CZE"]
[SourceTitle "playchess.com"]
[Source "ChessBase"]
[SourceQuality "1"]
[TimeControl "40/5400+30:1800+30"]

1. c4 e6 2. Nc3 d5 3. d4 Nf6 4. cxd5 Nxd5 5. e4 Nxc3 6. bxc3 c5 7. Nf3 cxd4 8. cxd4 Bb4+ 9. Bd2 Bxd2+ 10. Qxd2 O-O 11. Bc4 Nd7 12. O-O b6 13. Rad1 Bb7 14. Rfe1 Rc8 15. Bb3 Qf6 16. d5 Nc5 17. Nd4 e5 18. Nf5 Rcd8 19. Bc2 Bc8 20. Ne3 Bd7 21. Qb4 Rc8 22. Qa3 a6 23. d6 Rfd8 24. Qb4 Rc6 25. f4 exf4 26. e5 Qg5 27. Nd5 Ne6 28. Ne7+ Kf8 29. Nxc6 Bxc6 30. Be4 f3 31. g3 Qg4 32. d7+ Nc5 33. Qxb6 f2+ 34. Kxf2 Nxe4+ 35. Rxe4 Qf5+ 36. Kg1 Rxd7 37. Rxd7 Bxd7 38. e6 Qxe4 39. Qd6+ 1-0

[Event "Teplice Open 2019"]
[Site "Teplice"]
[Date "2019.06.23"]
[Round "9.13"]
[White "Kostolansky, Sebastian Lukas"]
[Black "Loiseau, Quentin"]
[Result "1/2-1/2"]
[ECO "B50"]
[WhiteElo "2379"]
[BlackElo "2471"]
[Annotator "RC"]
[PlyCount "34"]
[EventDate "2019.06.15"]
[EventType "swiss"]
[EventCountry "CZE"]
[SourceTitle "playchess.com"]
[Source "ChessBase"]
[SourceQuality "1"]
[TimeControl "40/5400+30:1800+30"]

1. e4 c5 2. Nf3 d6 3. c3 Nf6 4. h3 Nc6 5. Bd3 d5 6. exd5 Qxd5 7. Qe2 e6 8. O-O Be7 9. Bc4 Qd6 10. d4 cxd4 11. Rd1 a6 12. cxd4 O-O 13. Nc3 b5 14. Bd3 Bb7 15. Bg5 Nb4 16. Bxf6 Qd8 17. Be4 Bxf6 1/2-1/2

[Event "Teplice Open 2019"]
[Site "Teplice"]
[Date "2019.06.23"]
[Round "9.14"]
[White "Song, Raymond"]
[Black "Mazur, Stefan"]
[Result "1/2-1/2"]
[ECO "C55"]
[WhiteElo "2450"]
[BlackElo "2426"]
[Annotator "ChessBase"]
[PlyCount "68"]
[EventDate "2019.06.15"]
[EventType "swiss"]
[EventCountry "CZE"]
[SourceTitle "playchess.com"]
[Source "ChessBase"]
[SourceQuality "1"]
[TimeControl "40/5400+30:1800+30"]

1. e4 e5 2. Nf3 Nc6 3. Bc4 Nf6 4. d3 Be7 5. O-O O-O 6. Re1 d6 7. a4 Kh8 8. h3 Ng8 9. Nc3 f5 10. Nd5 Bf6 11. a5 a6 12. c3 fxe4 13. dxe4 Nce7 14. Bd3 Be6 15. c4 c5 16. Ng5 Bxg5 17. Bxg5 Bxd5 18. exd5 Qd7 19. b4 cxb4 20. Qa4 Qc7 21. Qxb4 Nf5 22. Rab1 Rf7 23. Qb6 Qd7 24. c5 h6 25. c6 bxc6 26. dxc6 Qe6 27. Bd2 Raf8 28. c7 Nh4 29. Rb2 Nxg2 30. Kxg2 Rf3 31. Bf1 Qxh3+ 32. Kg1 Rg3+ 33. fxg3 Rxf1+ 34. Rxf1 Qxg3+ 1/2-1/2

[Event "Teplice Open 2019"]
[Site "Teplice"]
[Date "2019.06.23"]
[Round "9.15"]
[White "Janik, Igor"]
[Black "Rubes, Jan"]
[Result "1-0"]
[ECO "A61"]
[WhiteElo "2483"]
[BlackElo "2352"]
[Annotator "ChessBase"]
[PlyCount "79"]
[EventDate "2019.06.15"]
[EventType "swiss"]
[EventCountry "CZE"]
[SourceTitle "playchess.com"]
[Source "ChessBase"]
[SourceQuality "1"]
[TimeControl "40/5400+30:1800+30"]

1. d4 Nf6 2. c4 e6 3. Nf3 c5 4. d5 exd5 5. cxd5 d6 6. Nc3 g6 7. Bf4 a6 8. a4 Bg7 9. h3 O-O 10. e3 Ne8 11. Nd2 Nd7 12. Be2 f5 13. O-O g5 14. Bh2 f4 15. exf4 gxf4 16. a5 Ne5 17. Nf3 Nxf3+ 18. Bxf3 Qg5 19. Kh1 Be5 20. Qd2 Ng7 21. b4 cxb4 22. Ne4 Qh6 23. Rab1 Nf5 24. Bg4 Nh4 25. f3 Nf5 26. Bxf5 Bxf5 27. Rxb4 Rac8 28. Rxb7 Bxe4 29. fxe4 Qg6 30. Qe2 Rc3 31. Bg1 Rfc8 32. Ra7 h5 33. Rb1 f3 34. gxf3 Rc1 35. Rxc1 Rxc1 36. Ra8+ Kh7 37. Qf2 Rd1 38. Ra7+ Kh6 39. Re7 Bd4 40. Qxd4 1-0

[Event "Teplice Open 2019"]
[Site "Teplice"]
[Date "2019.06.23"]
[Round "9.21"]
[White "Abdumalik, Zhansaya"]
[Black "Sprenar, Petr"]
[Result "1-0"]
[ECO "C18"]
[WhiteElo "2464"]
[BlackElo "2320"]
[Annotator "RC"]
[PlyCount "83"]
[EventDate "2019.06.15"]
[EventType "swiss"]
[EventCountry "CZE"]
[SourceTitle "playchess.com"]
[Source "ChessBase"]
[SourceQuality "1"]
[TimeControl "40/5400+30:1800+30"]

1. e4 e6 2. d4 d5 3. Nc3 Bb4 4. e5 c5 5. a3 Ba5 6. b4 cxd4 7. Qg4 Kf8 8. Nb5 Bb6 9. Nf3 Nc6 10. Bb2 Nge7 11. Nbxd4 h5 12. Qf4 Ng6 13. Nxc6 bxc6 14. Qd2 Nh4 15. Nd4 c5 16. bxc5 Bxc5 17. Nb3 Be7 18. f3 Nf5 19. Bd3 g6 20. a4 Rb8 21. O-O h4 22. a5 Qc7 23. Qc3 Qxc3 24. Bxc3 Bd7 25. Rfb1 Kg7 26. Bxf5 gxf5 27. a6 Rhc8 28. Bd4 Rc6 29. Rb2 Ra8 30. Kf2 Bc8 31. Rba2 Bd8 32. Ke2 f4 33. Kd2 Kg6 34. Ra4 Rc4 35. Rxc4 dxc4 36. Nc5 f6 37. exf6 Bxf6 38. Bxf6 Kxf6 39. Kc3 Rb8 40. Ra4 Rb6 41. Rxc4 Kf5 42. Nd3 1-0

[Event "Teplice Open 2019"]
[Site "Teplice"]
[Date "2019.06.23"]
[Round "9.25"]
[White "Kirk, Ezra"]
[Black "Liska, Jiri"]
[Result "1-0"]
[ECO "B31"]
[WhiteElo "2428"]
[BlackElo "2275"]
[Annotator "RC"]
[PlyCount "87"]
[EventDate "2019.06.15"]
[EventType "swiss"]
[EventCountry "CZE"]
[SourceTitle "playchess.com"]
[Source "ChessBase"]
[SourceQuality "1"]
[TimeControl "40/5400+30:1800+30"]

1. e4 c5 2. Nf3 Nc6 3. Bb5 g6 4. O-O Bg7 5. Re1 e5 6. Bxc6 dxc6 7. d3 Qc7 8. Be3 b6 9. Nbd2 Nf6 10. a3 Ng4 11. b4 Nxe3 12. fxe3 Qe7 13. c3 O-O 14. bxc5 Qxc5 15. Qc1 Bg4 16. d4 Qe7 17. h3 Be6 18. a4 h5 19. c4 Rac8 20. Qb1 g5 21. Nxe5 Bxe5 22. dxe5 g4 23. hxg4 hxg4 24. Rf1 Qg5 25. Rf4 Rcd8 26. Nf1 Qxe5 27. Qe1 Kg7 28. Ng3 Rh8 29. Rd1 Qg5 30. Qc3+ Kh7 31. Rdf1 Rhg8 32. Rf5 Bxf5 33. Rxf5 Qg7 34. Rh5+ Kg6 35. e5 f5 36. Rxf5 Qd7 37. Rf6+ Kg5 38. Rd6 Qh7 39. e4 Rxd6 40. exd6 Qh8 41. e5 Qh7 42. Qe3+ Kh4 43. Nf5+ Kh5 44. Qf4 1-0

[Event "Teplice Open 2019"]
[Site "Teplice"]
[Date "2019.06.23"]
[Round "9.29"]
[White "Georgescu, Lena"]
[Black "Di Nicolantonio, Lucas"]
[Result "1/2-1/2"]
[ECO "B07"]
[WhiteElo "2200"]
[BlackElo "2379"]
[Annotator "NA"]
[PlyCount "88"]
[EventDate "2019.06.15"]
[EventType "swiss"]
[EventCountry "CZE"]
[SourceTitle "playchess.com"]
[Source "ChessBase"]
[SourceQuality "1"]
[TimeControl "40/5400+30:1800+30"]

1. e4 g6 2. d4 Bg7 3. Nc3 d6 4. g3 Nf6 5. Bg2 O-O 6. Nge2 e5 7. h3 Nc6 8. Be3 exd4 9. Nxd4 Nxd4 10. Bxd4 Re8 11. O-O Bd7 12. Re1 c5 13. Be3 Bc6 14. Qd3 Re6 15. Rad1 Qd7 16. Bf4 Rae8 17. Bxd6 c4 18. Qd2 Nxe4 19. Nxe4 Bxe4 20. Bxe4 Rxe4 21. Rxe4 Rxe4 22. Qd5 Re8 23. Bb4 Qxh3 24. Qxb7 h5 25. Qd7 Qxd7 26. Rxd7 Rb8 27. c3 a5 28. Bxa5 Rxb2 29. Rc7 Rxa2 30. Bb4 Rc2 31. Rxc4 Bf6 32. Kg2 Kg7 33. Re4 g5 34. Re8 g4 35. Re4 Kg6 36. Rc4 Kf5 37. Rc5+ Be5 38. Ba5 f6 39. Bc7 Rxc3 40. Rxc3 Bxc3 41. f3 Be5 42. Bb6 Ke6 43. fxg4 hxg4 44. Ba7 Kd5 1/2-1/2

[Event "Teplice Open 2019"]
[Site "Teplice"]
[Date "2019.06.23"]
[Round "9.30"]
[White "Krishna Teja, N."]
[Black "Pajeken, Wolfgang"]
[Result "1-0"]
[ECO "A67"]
[WhiteElo "2357"]
[BlackElo "2259"]
[Annotator "NA"]
[PlyCount "67"]
[EventDate "2019.06.15"]
[EventType "swiss"]
[EventCountry "CZE"]
[SourceTitle "playchess.com"]
[Source "ChessBase"]
[SourceQuality "1"]
[TimeControl "40/5400+30:1800+30"]

1. d4 Nf6 2. c4 e6 3. Nc3 c5 4. d5 exd5 5. cxd5 d6 6. e4 g6 7. f4 Bg7 8. Bb5+ Nfd7 9. a4 O-O 10. Nf3 Na6 11. O-O Nc7 12. Bd3 a6 13. Re1 Re8 14. e5 dxe5 15. d6 Ne6 16. fxe5 Nd4 17. Nxd4 cxd4 18. Nd5 Rxe5 19. Nc7 Rb8 20. Bf4 Rxe1+ 21. Qxe1 Nf8 22. Bc4 Bf5 23. Qe7 Ne6 24. Nxe6 fxe6 25. Bxe6+ Kh8 26. Bxf5 gxf5 27. Bg5 Qxe7 28. Bxe7 Bf8 29. Re1 d3 30. Bf6+ Bg7 31. d7 Bxf6 32. Re8+ Kg7 33. Rxb8 Bd4+ 34. Kf1 1-0

[Event "Teplice Open 2019"]
[Site "Teplice"]
[Date "2019.06.23"]
[Round "9.31"]
[White "Risting, Eivind Olav"]
[Black "Brejnik, Gustav"]
[Result "0-1"]
[ECO "E12"]
[WhiteElo "2357"]
[BlackElo "2114"]
[Annotator "NA"]
[PlyCount "94"]
[EventDate "2019.06.15"]
[EventType "swiss"]
[EventCountry "CZE"]
[SourceTitle "playchess.com"]
[Source "ChessBase"]
[SourceQuality "1"]
[TimeControl "40/5400+30:1800+30"]

1. d4 Nf6 2. c4 e6 3. Nf3 b6 4. a3 Bb7 5. Nc3 d5 6. cxd5 Nxd5 7. Qc2 Nxc3 8. bxc3 Nd7 9. e4 c5 10. Bf4 Be7 11. Bd3 Qc8 12. Qb2 O-O 13. O-O Ba6 14. Qe2 Bxd3 15. Qxd3 Rd8 16. Rfd1 Qb7 17. d5 exd5 18. exd5 Nf6 19. c4 b5 20. Rab1 bxc4 21. Qe2 Qd7 22. d6 Bf8 23. Qxc4 Qf5 24. Ng5 Rd7 25. Rb5 Rc8 26. Be3 h6 27. Nf3 Bxd6 28. Rbb1 Ng4 29. Qc3 Nxh2 30. Nxh2 Bxh2+ 31. Kf1 Be5 32. Qc4 Rcd8 33. Ke2 Qh5+ 34. g4 Qg6 35. Bxc5 Bf4 36. Rxd7 Qxg4+ 37. Ke1 Rxd7 38. Rb8+ Kh7 39. Qe4+ f5 40. Rh8+ Kxh8 41. Qe8+ Kh7 42. Qxd7 h5 43. Bd4 Bh6 44. Bxa7 h4 45. Kf1 Bf4 46. Bd4 Qd1+ 47. Kg2 h3+ 0-1